 Dungeon Crawl Stone Soup version 0.29-a0-823-gc37b1572da (webtiles) character file.

Game seed: 18071570167022421804

300 zeratav the Stinger (level 6, 0/36 HPs)
             Began as an Octopode Venom Mage on July 8, 2022.
             Slain by an iguana (9 damage)
             ... on level 4 of the Dungeon.
             The game lasted 00:05:23 (4050 turns).

zeratav the Stinger (Octopode Venom Mage)           Turns: 4050, Time: 00:05:23

Health: 0/36       AC:  1    Str:  8    XL:     6   Next: 36%
Magic:  8/9        EV: 13    Int: 19    God:
Gold:   223        SH:  0    Dex: 12    Spells: 2/9 levels left

rFire   . . .      SeeInvis .   n - +2 whip (pain) {mace}
rCold   . . .      Faith    .   (no shield)
rNeg    . . .      Spirit   .   (helmet restricted)
rPois   .          Reflect  .   (no amulet)
rElec   .          Harm     .   m - ring of wizardry
rCorr   .          Rampage  .   (no ring)
Will    .....                   (no ring)
Stlth   ++++......              (no ring)
HPRegen 0.12/turn               (no ring)
MPRegen 0.11/turn               (no ring)
                                (no ring)
                                (no ring)

@: no status effects
A: almost no armour, amphibious, 8 rings, camouflage 1, gelatinous body 1,
(nimble swimmer 1), tentacles
a: no special abilities


You were on level 4 of the Dungeon.
You visited 1 branch of the dungeon, and saw 4 of its levels.

You collected 259 gold pieces.
You spent 36 gold pieces at shops.


Innate Abilities, Weirdness & Mutations

You cannot wear most types of armour.
You are amphibious.
You can wear up to eight rings at the same time.
Your skin changes colour to match your surroundings (Stealth+).
Your rubbery body absorbs attacks. (AC +1, EV +1)
((You are camouflaged when in or above water. (Stealth+)))
You have tentacles for arms and can constrict up to eight enemies at once.


   Skills:
 - Level 2.0 Dodging
 - Level 5.0 Stealth
 - Level 2.0 Spellcasting
 - Level 1.0 Transmutations
 + Level 7.5 Poison Magic


You had 2 spell levels left.
You knew the following spells:

 Your Spells              Type           Power      Damage    Failure   Level
a - Sting                 Tmut/Pois      72%        1d6       1%          1
b - Poisonous Vapours     Pois/Air       32%        N/A       2%          2
c - Olgreb's Toxic Radia  Pois           30%        N/A       3%          4

Your spell library contained the following spells:

 Spells                   Type           Power      Damage    Failure   Level
 Mephitic Cloud           Conj/Pois/Air  11%        N/A       8%          3

Inventory:

Hand Weapons
 i - a +0 dagger {short}
   (You took it off a goblin on level 1 of the Dungeon)
 n - a +2 whip of pain (weapon) {mace}
   (You took it off an orc on level 3 of the Dungeon)
Jewellery
 m - a ring of wizardry (left tentacle)
   (You found it on level 2 of the Dungeon)
Scrolls
 b - a scroll of teleportation {unknown}
 d - 3 scrolls of identify {unknown}
 f - a scroll of fog {unknown}
 k - 2 scrolls of blinking {unknown}
Potions
 a - 2 potions of magic
 c - 4 potions of lignification {unknown}
 e - 2 potions of flight {unknown}
 g - a potion of brilliance {unknown}
 h - 2 potions of curing {@q1}
 j - a potion of heal wounds {unknown}
 l - 4 potions of degeneration {unknown}
 o - 3 potions of resistance {unknown}
 p - a potion of attraction {unknown}

Dungeon Overview and Level Annotations

Branches:
Dungeon (4/15) Zot: 19945
 Temple: D:4-7

Altars:
Qazlal

Shops:
D:4

* .. #....... ...
#...... ...####.....
...........#
...........+
...........#
.......l...# #..@.#
#....# #....#
####....#########
.................#
.........).......#
.................#
.................#####+
#####.....####.........


You could see an iguana (poisoned).


Message History

l - 4 fizzy black potions (gained 1)
You open the door.
There is an open door here.
You open the door.
There is an open door here.
You hear a distant slurping noise.
An adder comes into view.
MP[+2]
Your mp is fully restored (9).
An adder is nearby!
Casting: Sting (safe; 1% risk of failure)
Confirm with . or Enter, or press ? or * to list all spells.
Aiming: Poisonous Vapours (safe; 2% risk of failure)
Press: ? - help, Dir - move target, f - adder
Aim: an adder (asleep) Poisonous vapours surround the adder!
The adder is poisoned.
The adder hisses angrily.
MP[-2]
You lost 2 mp, and now have 7/9 mp.
Casting: Poisonous Vapours (safe; 2% risk of failure)
Confirm with . or Enter, or press ? or * to list all spells.
Aiming: Poisonous Vapours (safe; 2% risk of failure)
Press: ? - help, Dir - move target, f/p - adder
Aim: an adder (lightly wounded, poisoned) Poisonous vapours surround the adder!
The adder looks even sicker.
MP[-2]
You lost 2 mp, and now have 5/9 mp.
Casting: Poisonous Vapours (safe; 2% risk of failure)
Confirm with . or Enter, or press ? or * to list all spells.
Aiming: Poisonous Vapours (safe; 2% risk of failure)
Press: ? - help, Dir - move target, f/p - adder
Aim: an adder (moderately wounded, very poisoned) Poisonous vapours surround the adder!
The adder looks even sicker.
MP[-2]
You lost 2 mp, and now have 3/9 mp.
The adder bites you.
HP[-3]
You take 3 damage, and now have 33/36 hp.
You hit the adder.
You kill the adder!
No target in view!
An iguana comes into view.
HP[+1] MP[+2]
You regained 2 mp, and now have 5/9 mp.
An iguana is nearby!
Casting: Poisonous Vapours (safe; 2% risk of failure)
Confirm with . or Enter, or press ? or * to list all spells.
Aiming: Poisonous Vapours (safe; 2% risk of failure)
Press: ? - help, Dir - move target, f - iguana
Aim: an iguana (wandering, hasn't noticed you) Poisonous vapours surround the iguana!
The iguana is poisoned.
The iguana hisses angrily.
MP[-2]
You lost 2 mp, and now have 3/9 mp.
Casting: Poisonous Vapours (safe; 2% risk of failure)
Confirm with . or Enter, or press ? or * to list all spells.
Aiming: Poisonous Vapours (safe; 2% risk of failure)
Press: ? - help, Dir - move target, f/p - iguana
Aim: an iguana (poisoned) Poisonous vapours surround the iguana!
The iguana looks even sicker.
MP[-2]
You lost 2 mp, and now have 1/9 mp.
Casting: Poisonous Vapours (safe; 2% risk of failure)
Confirm with . or Enter, or press ? or * to list all spells.
You don't have enough magic to cast this spell.
An iguana comes into view.
HP[+1]
You barely miss the iguana.
The iguana hisses angrily.
Your grab misses the iguana. The iguana bites you!
HP[-15]
You take 15 damage, and now have 20/36 hp.
MASSIVE DAMAGE!! (PAUSE)
You hit the iguana. You grab the iguana. You squeeze the iguana.
You constrict the iguana, but do no damage.
The iguana barely misses you.
You hit the iguana.
You kill the iguana!
Casting: Poisonous Vapours (safe; 2% risk of failure)
Confirm with . or Enter, or press ? or * to list all spells.
Aiming: Sting (safe; 1% risk of failure)
Press: ? - help, Shift-Dir - straight line, f - iguana
Aim: an iguana (77% to hit)
The sting misses the iguana.
The iguana bites you!
* * * LOW HITPOINT WARNING * * *
HP[-11] MP[-1]
You take 11 damage, and now have 9/36 hp.
MASSIVE DAMAGE!! (PAUSE)
You lost 1 mp, and now have 0/9 mp.
Magic courses through your body. The iguana misses you.
MP[+9]
Your mp is fully restored (9).
Casting: Sting (safe; 1% risk of failure)
Confirm with . or Enter, or press ? or * to list all spells.
Aiming: Poisonous Vapours (safe; 2% risk of failure)
Press: ? - help, Dir - move target, f/p - iguana
Aim: an iguana Poisonous vapours surround the iguana!
The iguana is poisoned.
The iguana bites you!
You die...

Skill      XL: |  1  2  3  4  5  6 |
---------------+-------------------+-----
Stealth        | 3 4 5 |  5.0
Poison Magic   | 4 5 6 7 |  7.5
Dodging        | |  2.0
Spellcasting   | |  2.0
Transmutations | |  1.0

Action                   |  1- 3 |  4- 6 || total
-------------------------+-------+-------++-------
Melee: Tentacles         |     6 |    13 ||    19
       Unarmed           |     3 |       ||     3
       Dagger            |    46 |    20 ||    66
       Constrict         |    13 |    15 ||    28
       Spear             |     3 |       ||     3
       Punch             |     1 |       ||     1
       Whip              |       |    37 ||    37
 Cast: Sting             |    16 |    15 ||    31
       Poisonous Vapours |       |    34 ||    34
  Use: Potion            |       |     1 ||     1
 Stab: Sleeping          |    12 |     6 ||    18
Armor: Skin              |     9 |       ||     9
Dodge: Dodged            |    33 |    32 ||    65

Levels and vault maps discovered:
D:1:      amcnicky_arrival_gap_in_the_tavern_cellar, layout_basic,
          chequers_ecumenical_altar_simple
D:2:      layout_basic
D:3:      layout_basic, nicolae_qazlal_style_of_elements
D:4:      layout_gridville, nicolae_stop_n_shop_1, uniq_grinder

Notes
Turn   | Place    | Note
-------+----------+-------------------------------------------
     0 | D:1      | zeratav the Octopode Venom Mage began the quest for the
                  | Orb.
     0 | D:1      | Reached XP level 1. HP: 11/11 MP: 3/3
     0 | D:1      | magus.rc [v1.9.6]
    97 | D:1      | Reached skill level 3 in Stealth
   168 | D:1      | Reached skill level 4 in Poison Magic
   168 | D:1      | Reached XP level 2. HP: 17/17 MP: 0/5
   552 | D:1      | Found a faded altar of an unknown god.
   672 | D:1      | Reached XP level 3. HP: 8/21 MP: 3/6
  1059 | D:2      | Reached skill level 4 in Stealth
  1648 | D:2      | Reached XP level 4. HP: 25/27 MP: 7/7
  1976 | D:3      | Learned a level 2 spell: Poisonous Vapours
  1990 | D:3      | Reached skill level 5 in Poison Magic
  1997 | D:3      | Reached skill level 5 in Stealth
  2204 | D:3      | Reached XP level 5. HP: 21/31 MP: 0/8
  2207 | D:3      | Reached skill level 6 in Poison Magic
  2537 | D:3      | Identified the +3 leather armour "Zumocheck" {Str+4}
  2710 | D:3      | Reached XP level 6. HP: 15/36 MP: 3/9
  3049 | D:3      | Reached skill level 7 in Poison Magic
  3221 | D:3      | Found a stormy altar of Qazlal.
  3223 | D:3      | Noticed an air elemental
  3224 | D:3      | Noticed a water elemental
  3224 | D:3      | Noticed a fire elemental
  3765 | D:3      | Upgraded the game from 0.29-a0-821-g66395355a5 to
                  | 0.29-a0-823-gc37b1572da
  3765 | D:3      | magus.rc [v1.9.6]
  3770 | D:3      | Learned a level 4 spell: Olgreb's Toxic Radiance
  3830 | D:4      | Found Saptio's General Store.
  3869 | D:4      | Bought a potion of curing for 36 gold pieces
  4048 | D:4      | HP: 9/36 [iguana (11)]
  4050 | D:4      | Slain by an iguana

Vanquished Creatures
  A scorpion (D:3)
  An iguana (D:4)
  3 orc wizards (D:3)
  6 adders
  2 worms
  3 dart slugs
  6 orcs
  8 bats
  4 endoplasms
  2 giant cockroaches
  7 goblins
  6 hobgoblins
  2 jackals (D:1)
  A quokka (D:1)
  10 ball pythons
  3 frilled lizards
  4 kobolds
  3 rats
72 creatures vanquished.

Table legend:
 A = Non-vault XP
 B = Vault XP
 C = Vault XP percentage of total XP
 D = Non-vault monster count
 E = Vault monster count
 F = Vault count percentage of total count
                 A         B        C        D         E       F
            +---------+---------+-------+---------+---------+-------
      Total |     429 |       0 |   0.0 |      72 |       0 |   0.0
            +---------+---------+-------+---------+---------+-------
        D:1 |      36 |       0 |   0.0 |      22 |       0 |   0.0
        D:2 |      46 |       0 |   0.0 |      16 |       0 |   0.0
        D:3 |     291 |       0 |   0.0 |      28 |       0 |   0.0
        D:4 |      56 |       0 |   0.0 |       6 |       0 |   0.0
            +---------+---------+-------+---------+---------+-------

Illustrated notes

Table legend:
 A = Kills in this place as a percentage of kills in entire the game.
 B = Kills by you in this place as a percentage of kills by you in the entire game.
 C = Kills by friends in this place as a percentage of kills by friends in the entire game.
 D = Other kills in this place as a percentage of other kills in the entire game.
 E = Experience gained in this place as a percentage of experience gained in the entire game.
 F = Experience gained in this place divided by the number of levels of this place that you have seen.
                   A       B       C       D       E      F
               +-------+-------+-------+-------+-------+----------------------
         Total | 100.0 | 100.0 |   N/A |   N/A | 100.0 | 107.2
       Dungeon | 100.0 | 100.0 |   N/A |   N/A | 100.0 | 107.2
               +-------+-------+-------+-------+-------+----------------------

Table legend: (Time is in decaauts)
 A = Elapsed time spent in this place.
 B = Non-inter-level travel time spent in this place.
 C = Inter-level travel time spent in this place.
 D = Time resting spent in this place.
 E = Time spent auto-exploring this place.
 F = Levels seen in this place.
 G = Mean time per level.
                   A        B        C        D        E       F      G
               +--------+--------+--------+--------+--------+-----+--------+
         Total |   4053 |   3918 |    135 |    614 |   2837 |   4 | 1013.2 |
       Dungeon |   4053 |   3918 |    135 |    614 |   2837 |   4 | 1013.2 |
               +--------+--------+--------+--------+--------+-----+--------+

Top non-repeatable levels by time:
     D:3: 1462 daAuts
     D:2: 1319 daAuts
     D:1: 1051 daAuts
     D:4: 220 daAuts
